 Dungeon Crawl Stone Soup version 0.23.0 (webtiles) character file.

Game seed: 18306030332359786572

79 fartymcfart the Skirmisher (level 4, 31/37 HPs)
             Began as a Demonspawn Wanderer on Feb 15, 2019.
             Quit the game on level 2 of the Dungeon.
             The game lasted 00:01:50 (1462 turns).

fartymcfart the Skirmisher (Demonspawn Wanderer)    Turns: 1462, Time: 00:01:51

Health: 31/37      AC:  4    Str: 13    XL:     4   Next: 16%
Magic:  4/4        EV: 12    Int: 14    God:
Gold:   114        SH:  0    Dex: 14    Spells: 3/3 levels left

rFire    . . .     SeeInvis .   a - +2 falchion
rCold    . . .     Gourm    .   (no shield)
rNeg     . . .     Faith    .   e - +0 robe
rPois    .         Spirit   .   (no helmet)
rElec    .         Reflect  .   l - +0 cloak
rCorr    .         Harm     .   q - +0 pair of gloves
MR       .....                  (no boots)
Stlth    +++.......             (no amulet)
HPRegen  0.12/turn              r - +5 ring of slaying
MPRegen  0.09/turn              (no ring)

@: no status effects
A: thin skeletal structure 1, nightstalker 1, rot immunity
a: no special abilities


You were on level 2 of the Dungeon.
You were not hungry.

You visited 1 branch of the dungeon, and saw 2 of its levels.

You collected 114 gold pieces.

Inventory:

Hand Weapons
 a - a +2 falchion (weapon)
 d - a +0 blowgun
Missiles
 c - 12 poisoned needles
 j - 8 curare-tipped needles
Armour
 e - a +0 robe (worn)
 l - a +0 cloak (worn)
 q - a +0 pair of gloves (worn)
Jewellery
 r - a +5 ring of slaying (left hand)
Wands
 n - a wand of disintegration (13)
Scrolls
 k - a scroll of teleportation
 o - a scroll of blinking
 p - a scroll of fog {unknown}
Potions
 b - a potion of curing
 g - a potion of resistance
 h - a potion of flight
 i - a potion of brilliance {unknown}
 m - a potion of heal wounds {unknown}
Comestibles
 f - 5 rations


   Skills:
 + Level 3.8 Fighting
 - Level 1.7 Long Blades
 - Level 1.0 Throwing
 + Level 1.8 Armour
 + Level 2.2 Dodging
 - Level 1.0 Stealth
   Level 1.0 Shields
 - Level 1.0 Unarmed Combat


You had 3 spell levels left.
You didn't know any spells.
Your spell library was empty.

Dungeon Overview and Level Annotations

Branches:
Dungeon (2/15)

Altars:


Innate Abilities, Weirdness & Mutations

You have a somewhat thin skeletal structure. (Dex +2, Stealth)
You are slightly more attuned to the shadows.
You are immune to rotting.


Message History

You slash Robin! You punch Robin, but do no damage.
Robin is heavily wounded.
Robin throws the goblin at you!
The goblin unwields a +0 hunting sling.
The goblin completely misses you. Robin blocks your attack.
Robin is heavily wounded.
Robin hits you with a +0 mace. The goblin closely misses you.
You riposte.
You hit the goblin.
You kill the goblin!
You have reached level 4!
You feel agile.
Your demonic ancestry asserts itself...
You feel immune to rotting.
You slash Robin!
You kill Robin!
A goblin comes into view.
The goblin wields a +0 hunting sling.
The goblin shoots a stone.
The stone barely misses you.
Items here: $ ( ) [[ a +0 mace; a +0 animal skin; a +0 large shield; 2 gold pieces; 2 stones Are you sure you want to abandon this character and quit the game? (Confirm with "yes".)

#.# #.# #.# #.# #.#
#.# #.# #.#
#######.######.####
............##....#
#######.###.#####.#
.[......#
#.#####.##
#########
#...).@..#
#######..# #).#
##.g# ### #...# ..#
#.#.# #.## #.#.#
...## #.#.# [#..#
#.#.#


You could see a goblin.

Vanquished Creatures
  Robin (D:2)
  An adder (D:1)
  An ooze (D:2)
  3 dart slugs (D:1)
  A leopard gecko (D:1)
  3 giant cockroaches (D:2)
  12 goblins
  8 hobgoblins
  3 jackals (D:1)
  A quokka (D:2)
  5 bats
  2 frilled lizards
41 creatures vanquished.

Notes
Turn   | Place    | Note
-------+----------+-------------------------------------------
     0 | D:1      | fartymcfart the Demonspawn Wanderer began the quest for the
                  | Orb.
     0 | D:1      | fartymcfart set off with the following items: a +2
                  | falchion, a potion of curing, 12 poisoned needles, a +0
                  | blowgun, a +0 robe, a ration
     0 | D:1      | Reached XP level 1. HP: 18/18 MP: 1/1
   174 | D:1      | Gained mutation: You are slightly more attuned to the
                  | shadows. [demonic ancestry]
   174 | D:1      | Reached XP level 2. HP: 24/24 MP: 2/2
   205 | D:1      | Reached skill level 1 in Armour
   711 | D:1      | Gained mutation: You have a somewhat thin skeletal
                  | structure. (Dex +2, Stealth) [demonic ancestry]
   711 | D:1      | Reached XP level 3. HP: 18/29 MP: 3/3
  1185 | D:2      | Noticed Robin
  1459 | D:2      | Gained mutation: You are immune to rotting. [demonic
                  | ancestry]
  1459 | D:2      | Reached XP level 4. HP: 31/37 MP: 4/4
  1460 | D:2      | Killed Robin
  1462 | D:2      | Quit the game

Skill      XL: |  1  2  3 |
---------------+----------+-----
Armour         | 1 |  1.8
Dodging        | 2 |  2.2
Fighting       | |  3.8
Long Blades    | |  1.7
Throwing       | |  1.0
Stealth        | |  1.0
Shields        | |  1.0
Unarmed Combat | |  1.0

Action                   |  1- 3 |  4- 6 || total
-------------------------+-------+-------++-------
Melee: Falchion          |    92 |     1 ||    93
       Punch             |     1 |       ||     1
  Use: Scroll            |     6 |       ||     6
 Stab: Sleeping          |     8 |       ||     8
  Eat: Chunk             |     2 |       ||     2
Armor: Robe              |    21 |       ||    21
Dodge: Dodged            |    59 |     1 ||    60
       Rpst.: Falchion   |    17 |       ||    17
